 Seeded DCSS version 0.28.0-62-gf88900778d (webtiles) character file.

Game seed: 11079947773616108656 (custom seed)

3564 cbfl8 the Cleaver (level 9, -9/75 HPs)
             Began as a Minotaur Fighter on June 30, 2023.
             Was a Follower of Okawaru.
             Hit by a large rock thrown by a cyclops (28 damage)
             ... on level 10 of the Dungeon.
             The game lasted 00:10:29 (9550 turns).

cbfl8 the Cleaver (Minotaur Fighter)                Turns: 9550, Time: 00:10:30

Health: -9/75      AC: 13    Str: 26    XL:     9   Next: 84%
Magic:  11/11      EV: 10    Int:  5    God:    Okawaru [*.....]
Gold:   349        SH: 10    Dex: 15    Spells: 8/8 levels left

rFire   . . .      SeeInvis .   a - +0 war axe
rCold   . . .      Faith    .   c - +0 buckler
rNeg    . . .      Spirit   .   u - +0 chain mail
rPois   +          Reflect  +   (helmet restricted)
rElec   .          Harm     .   z - +1 cloak
rCorr   .          Rampage  .   (no gloves)
Will    .....                   e - +0 pair of boots
Stlth   ..........              i - amulet of reflection
HPRegen 0.22/turn               q - +6 ring of strength
MPRegen 0.12/turn               n - ring of poison resistance

@: about to teleport
A: horns 2, retaliatory headbutt
a: Renounce Religion, Heroism


You were on level 10 of the Dungeon.
You worshipped Okawaru.
Okawaru was aware of your devotion.
You visited 2 branches of the dungeon, and saw 11 of its levels.

You collected 349 gold pieces.

Inventory:

Hand Weapons
 a - a +0 war axe (weapon)
Missiles
 y - a throwing net (quivered)
Armour
 c - a +0 buckler (worn)
 e - a +0 pair of boots (worn)
 u - a +0 chain mail (worn)
 z - a +1 cloak (worn)
Jewellery
 h - a +4 ring of evasion
 i - an amulet of reflection (around neck)
 k - a ring of protection from cold
 n - a ring of poison resistance (right hand)
 q - a +6 ring of strength (left hand)
Wands
 l - a wand of acid (7)
 m - a wand of digging (6)
 t - a wand of flame (4)
Scrolls
 g - a scroll of magic mapping
 o - a scroll of noise
 p - 2 scrolls of fog
 s - a scroll of immolation {unknown}
 v - a scroll of summoning {unknown}
 w - a scroll of blinking {unknown}
Potions
 b - a potion of degeneration {unknown}
 d - a potion of cancellation {unknown}
 f - a potion of curing
 j - a potion of lignification {unknown}
 x - a potion of brilliance {unknown}


   Skills:
 + Level 5.8 Fighting
 * Level 10.4 Axes
 + Level 6.2 Armour
 * Level 4.7 Dodging
 * Level 4.0 Stealth
 + Level 5.4 Shields
 * Level 4.4 Invocations
 * Level 3.8 Evocations


You had 8 spell levels left.
You didn't know any spells.
Your spell library contained the following spells:

 Spells                   Type           Power      Damage    Failure   Level
 Beastly Appendage        Tmut           0%         N/A       98%         1
 Shock                    Conj/Air       0%         1d3       98%         1
 Wereblood                Tmut           0%         N/A       99%         2
 Gell's Gravitas          Tloc           0%         N/A       100%        3
 Lesser Beckoning         Tloc           0%         N/A       100%        3
 Spider Form              Tmut/Pois      0%         N/A       100%        3
 Swiftness                Air            0%         N/A       100%        3
 Teleport Other           Tloc           0%         N/A       100%        3
 Airstrike                Air            0%         N/A       100%        4


Dungeon Overview and Level Annotations

Branches:
Dungeon (10/15)            Temple (1/1) D:7
   Lair: D:8-11         Orc: D:9-12

Altars:
Ashenzari
Elyvilon
Gozag
Kikubaaqudgha
Makhleb
Okawaru
Ru
Sif Muna
Trog
Vehumet
Wu Jian
Xom
Yredelemnul
Zin

Shops:
D:4 [   D:7 (

Annotations:
D:6 3 runed translucent doors, cbfl8's ghost, novice HOFi
D:7 2 transporters, Harold; jjjjhere's ghost, novice MiAM


Innate Abilities, Weirdness & Mutations

You have a pair of horns on your head.
You reflexively headbutt those who attack you in melee.


Message History

The cyclops shouts!
Found 45 gold pieces.
Found an escape hatch in the floor.
There is a stone staircase leading up here.
As you read the scroll of teleportation, it crumbles to dust.
You feel strangely unstable.
You feel sick.
You are no longer poisoned.
You block the killer bee's attack. The killer bee barely misses you.
The killer bee stings you but does no damage.
You block the killer bee's attack.
You block the killer bee's attack. x2; The killer bee closely misses you.
You furiously retaliate!
You headbutt the killer bee!
There is an escape hatch in the floor here.
Found 20 gold pieces and a scroll labelled ZIPNABEMPOY.
Your surroundings seem slightly different.
The killer bee stings you.
* * * LOW HITPOINT WARNING * * *
Okay, then.
Okay, then.
As you read the scroll of teleportation, it crumbles to dust.
You feel strangely unstable.
The killer bee stings you but does no damage. x2
You block the cyclops's attack. You block the killer bee's attack.
You block the killer bee's attack.
Your surroundings suddenly seem different.
You start resting.
A killer bee is nearby!
A killer bee is nearby!
A killer bee is nearby!
The killer bee buzzes angrily.
Found a sacrificial altar of Ru.
The killer bee buzzes angrily.
A centaur warrior zombie comes into view.
Found 20 arrows.
As you read the scroll of teleportation, it crumbles to dust.
You feel strangely unstable. The killer bee stings you.
* * * LOW HITPOINT WARNING * * *
The killer bee closely misses you. The killer bee barely misses you.
The killer bee closely misses you.
The cyclops throws a large rock.
The large rock hits you!!
You die...

≈≈##P##≈≈##...y..#
≈ #≈≈ #≈≈≈#......#
#$ ##≈≈.......# ≈
#≈≈.####### ##
#≈≈C# #≈≈≈..#
#≈≈#...##
≈≈......###
≈≈...Z.@y.#
≈#.....#y.#
......#.#.##
..#..#...#.##
...(#.....#.#
....#.≈≈≈.#.# ...
#≈...≈#.## ..
#≈._.≈#..#
#≈...≈#..#


You could see a cyclops, 2 killer bees and a centaur warrior zombie.

Vanquished Creatures
  Pikel (D:5)
  Sigmund (D:6)
  A yak (D:6)
  2 wyverns (D:8)
  A steam dragon (D:8)
  Menkaure (D:7)
  Edmund (D:6)
  An orc warrior (D:7)
  2 black bears
  2 ice beasts (D:6)
  An ogre (D:5)
  3 centaurs
  A phantom (D:5)
  A scorpion (D:6)
  6 killer bees
  A bullfrog zombie (D:6)
  2 centaur zombies (D:5)
  9 orc priests
  A jelly (D:5)
  A bullfrog skeleton (D:6)
  A gnoll shaman (D:6)
  An iguana (D:4)
  7 orc wizards
  A hound skeleton (D:4)
  2 howler monkey zombies
  14 gnolls
  5 adders
  2 ufetubi
  A dart slug (D:3)
  46 orcs
  2 bats (D:1)
  7 endoplasms
  2 giant cockroaches
  6 goblins
  3 hobgoblins
  3 jackals (D:2)
  10 kobolds
  A quokka (D:3)
  14 ball pythons
  5 frilled lizards
  4 rats
176 creatures vanquished.

Notes
Turn   | Place    | Note
-------+----------+-------------------------------------------
     0 | D:1      | cbfl8 the Minotaur Fighter began the quest for the Orb.
     0 | D:1      | Reached XP level 1. HP: 19/19 MP: 0/0
   157 | D:1      | Reached XP level 2. HP: 27/27 MP: 1/1
   841 | D:2      | Reached XP level 3. HP: 33/33 MP: 2/2
  1369 | D:2      | Reached skill level 3 in Axes
  1811 | D:3      | Reached skill level 1 in Dodging
  1811 | D:3      | Reached skill level 1 in Invocations
  1811 | D:3      | Reached XP level 4. HP: 39/40 MP: 3/3
  1820 | D:3      | Reached skill level 1 in Evocations
  1866 | D:3      | Reached skill level 1 in Stealth
  1985 | D:3      | Found a faded altar of an unknown god.
  2405 | D:4      | Found a basalt altar of Yredelemnul.
  2418 | D:4      | Reached skill level 4 in Axes
  2418 | D:4      | Reached XP level 5. HP: 44/46 MP: 5/5
  2642 | D:4      | Identified the +1 leather armour "Numagaeh" {Rampage Str+7}
  2713 | D:4      | Reached XP level 6. HP: 34/52 MP: 6/6
  3127 | D:4      | Found a shimmering blue altar of Sif Muna.
  3186 | D:4      | Identified the +1 ring mail "Zetaoc" {-Tele Harm rF+
                  | Regen+}
  3298 | D:4      | Found an ornate altar of the Wu Jian Council.
  3349 | D:4      | Found Ylaqoana's Antique Armour Emporium.
  3392 | D:4      | Reached skill level 5 in Axes
  3860 | D:5      | Entered Level 5 of the Dungeon
  4003 | D:5      | Noticed Pikel
  4012 | D:5      | Killed Pikel
  4013 | D:5      | Reached skill level 6 in Axes
  4013 | D:5      | Reached XP level 7. HP: 58/60 MP: 6/8
  4185 | D:5      | Reached XP level 8. HP: 38/67 MP: 9/9
  4224 | D:5      | Reached skill level 7 in Axes
  4939 | D:6      | Reached skill level 5 in Armour
  5258 | D:6      | Noticed Sigmund
  5282 | D:6      | Killed Sigmund
  5283 | D:6      | Reached skill level 8 in Axes
  5288 | D:6      | Reached skill level 5 in Fighting
  5570 | D:6      | Noticed Edmund
  5636 | D:6      | Killed Edmund
  5637 | D:6      | Reached XP level 9. HP: 37/74 MP: 10/10
  6409 | D:6      | Found a runed translucent gate.
  6409 | D:6      | Noticed a manticore
  6409 | D:6      | Noticed cbfl8's ghost (novice HOFi)
  6410 | D:6      | Found a runed translucent gate.
  6410 | D:6      | Found a runed translucent gate.
  6654 | D:6      | Reached skill level 9 in Axes
  7185 | D:7      | Noticed Harold
  7419 | D:7      | Found a transporter.
  7422 | D:7      | Reached skill level 5 in Shields
  7536 | D:7      | Found a staircase to the Ecumenical Temple.
  7555 | Temple   | Entered the Ecumenical Temple
  7611 | Temple   | Became a worshipper of Warmaster Okawaru
  7693 | D:7      | Noticed jjjjhere's ghost (novice MiAM)
  7748 | D:7      | Found a transporter.
  7750 | D:7      | Noticed Menkaure
  7757 | D:7      | Killed Menkaure
  7781 | D:7      | Found a white marble altar of Elyvilon.
  8101 | D:7      | Found Cocw's Weapon Boutique.
  8862 | D:8      | Found an ancient bone altar of Kikubaaqudgha.
  8921 | D:8      | Reached skill level 10 in Axes
  8935 | D:8      | Reached * piety under Okawaru
  9476 | D:10     | Entered Level 10 of the Dungeon
  9476 | D:10     | Noticed a cyclops
  9546 | D:10     | Found a sacrificial altar of Ru.
  9550 | D:10     | Hit by a large rock thrown by a cyclops

Illustrated notes

Levels and vault maps discovered:
D:1:      dpeg_arrival_windows_large_door, layout_rooms
D:2:      layout_loops_corners
D:3:      layout_basic, nicolae_ecumenical_snake_handling, chequers_garden
D:4:      layout_basic, nicolae_wu_jian_immortal_techniques,
          general_overflow_altar, mainiacjoe_overflow_paths, serial_shops,
          kennysheep_mini_moat
D:5:      layout_basic, nicolae_figureground_sparkle, uniq_pikel
D:6:      minmay_inner_zag, layout_basic, gammafunk_ghost_split, uniq_sigmund,
          uniq_edmund
D:7:      layout_gridville, mainiacjoe_overflow_chevrons,
          minmay_temple_entry_glass, gammafunk_ghost_arena, serial_shops,
          nicolae_shop_hallway_stairs, uniq_menkaure, uniq_harold
D:8:      layout_loops_ring, mainiacjoe_overflow_catwalk
D:9:      layout_basic, old_standard_altar, uniq_gastronok
D:10:     layout_rooms, cheibriados_altar_1, nicolae_ru_awakened_eye,
          worms_lemuel
Temple:   jpeg_temple_clearing

Skill      XL: |  1  2  3  4  5  6  7  8  9 |
---------------+----------------------------+-----
Fighting       | 4 5 |  5.8
Axes           | 3 4 6 8 10 | 10.4
Dodging        | 1 2 3 4 |  4.7
Invocations    | 1 2 3 4 |  4.4
Armour         | 4 5 6 |  6.2
Evocations     | 1 2 3 |  3.8
Stealth        | 1 2 3 4 |  4.0
Shields        | 4 5 |  5.4

Action                   |  1- 3 |  4- 6 |  7- 9 || total
-------------------------+-------+-------+-------++-------
Melee: War axe           |    77 |   100 |   230 ||   407
       Headbutt          |    13 |    16 |    47 ||    76
  Use: Scroll            |     1 |       |    10 ||    11
       Potion            |       |     1 |     7 ||     8
Armor: Scale mail        |    34 |    23 |    11 ||    68
       Chain mail        |       |       |   100 ||   100
Dodge: Dodged            |    39 |    37 |    95 ||   171
Block: Buckler           |    16 |    53 |   143 ||   212
       Reflection        |       |     1 |    10 ||    11
